AoeStats
← lbaquino21

Arabia

509778249Analyzed
1v1 RM · 3d ago on Sep 28, 2026· 37m 12s· 2 players
Game mode
Random Map
Map size
Tiny (2 player)
Population
200
Speed
Normal
Resources
Standard
Victory
Conquest
Starting age
Dark Age
Ending age
Imperial Age
RankedLock teamsTeams togetherTeam positionsShared explorationLock speedFull tech treeHidden civsTurbo modeCheats
Victory
Defeat
🇩🇴 Burgundians · Dominican Republic
719
+15
🇧🇷 Varangians · Brazil
701
-29
lbaquino21
12:11 Feudal Age
17:40 Wheelbarrow
16:45 Horse Collar
26:17 Castle Age
25:52 Bloodlines
27:21 Hand Cart
28:18 Horse Collar
28:27 Double-Bit Axe
29:28 Light Cavalry
31:12 Loom
33:34 Masonry
TEUTONE
3:19 Loom
10:29 Feudal Age
11:00 Double-Bit Axe
11:59 Gold Mining
14:34 Gold Shaft Mining
15:19 Horse Collar
21:32 Castle Age
22:57 Wheelbarrow
22:08 Town Watch
22:35 Fletching
22:46 Padded Archer Armor
23:09 Bow Saw
24:14 Bodkin Arrow
24:23 Husbandry
25:57 Light Cavalry
29:34 Heavy Plow
29:06 Pikeman
31:47 Two-Man Saw
32:12 Hand Cart
33:22 Cavalier
33:54 Treadmill Crane
34:12 Murder Holes
34:19 Stone Mining
35:37 Forging
35:35 Scale Barding Armor
35:46 Leather Archer Armor
35:40 Crossbowman
Connection lost

Rejoining the realm…

Still unreachable

The connection could not be restored.

Session expired

The server has moved on; the page needs a fresh start.